[Event "Titled Tuesday Blitz March 22 Early 2022"]
[White "Aaditya Dhingra"]
[Black "Khamzin, Olzhas"]
[WhiteFideId "25678191"]
[BlackFideId "13701690"]
[WhiteElo "1849"]
[BlackElo "2194"]
[Result "1-0"]
[Round "03"]
[TimeControl "180+1"]
[Date "2022.03.22"]
[WhiteClock "0:00:20"]
[BlackClock "0:00:38"]

1. Nf3 e6 2. c4 Be7 3. g3 d6 4. Bg2 Nd7 5. O-O Rb8 6. Nc3 a6 7. a4 Ngf6 8. a5 c5 9. e4 O-O 10. d3 Ne5 11. Ne1 Nc6 12. Qa4 Nd4 13. Be3 Bd7 14. Qa2 Bc6 15. Bxd4 cxd4 16. Ne2 e5 17. Nc2 h5 18. h3 Bd7 19. f4 b5 20. axb6 Rxb6 21. b4 h4 22. g4 exf4 23. Nxf4 d5 24. cxd5 Bxb4 25. Nxb4 Rxb4 26. e5 Nh7 27. e6 Bb5 28. exf7+ Rxf7 29. d6 Ng5 30. Bd5 Qxd6 31. Bxf7+ Nxf7 32. Rae1 Ra4 33. Qf2 Ng5 34. Qxh4 Qd8 35. Ng6 Nf7 36. Ne7+ Qxe7 37. Rxe7 Bxd3 38. Rfxf7 Ra1+ 39. Kg2 Ra2+ 40. Kg3 Bf1 41. Rxg7+ Kf8 42. Qf6# 1-0


[Site "https://www.chess.com"]

[Event "Titled Tuesday Blitz March 22 Early 2022"]
[White "Abarca Gonzalez, Nicolas"]
[Black "Grischuk, Alexander"]
[WhiteFideId "3409422"]
[BlackFideId "4126025"]
[WhiteElo "2504"]
[BlackElo "2762"]
[Result "0-1"]
[Round "03"]
[TimeControl "180+1"]
[Date "2022.03.22"]
[WhiteClock "0:00:22"]
[BlackClock "0:00:18"]

1. e4 e5 2. Qh5 Nc6 3. Bc4 g6 4. Qf3 f5 5. Ne2 Nf6 6. Nbc3 d6 7. exf5 Bxf5 8. d3 Bg7 9. Bg5 Rf8 10. O-O-O Qd7 11. Bb5 a6 12. Ba4 O-O-O 13. d4 Bg4 14. Bxc6 Qxc6 15. Qxc6 bxc6 16. dxe5 dxe5 17. f3 Bf5 18. Ng3 Rde8 19. Bxf6 Bxf6 20. Nge4 Be7 21. Rhe1 h5 22. Na4 Rd8 23. Rxd8+ Rxd8 24. Nac5 Rd5 25. b4 a5 26. c3 axb4 27. cxb4 Bxe4 28. Rxe4 Bxc5 29. bxc5 Rxc5+ 30. Kd2 Kb7 31. Rb4+ Rb5 32. Kc3 Ka6 33. a4 Rd5 34. h4 c5 35. Rb8 Rd4 36. Rg8 Rxa4 37. Rxg6+ Kb5 38. Rg5 Rc4+ 39. Kd3 Rxh4 40. Rxe5 Kb4 0-1


[Site "https://www.chess.com"]

[Event "Titled Tuesday Blitz March 22 Early 2022"]
[White "Agasarov, Benik"]
[Black "Lagunov, Evgenij"]
[WhiteFideId "13314823"]
[BlackFideId "4125363"]
[WhiteElo "2561"]
[BlackElo "2200"]
[Result "0-1"]
[Round "03"]
[TimeControl "180+1"]
[Date "2022.03.22"]
[WhiteClock "0:00:06"]
[BlackClock "0:00:12"]

1. d4 Nf6 2. Bf4 e6 3. e3 h6 4. c3 b6 5. Nf3 Bb7 6. Nbd2 Be7 7. Bd3 O-O 8. h3 d6 9. O-O Nbd7 10. Bh2 Re8 11. e4 Bf8 12. e5 dxe5 13. Nxe5 Nxe5 14. Bxe5 c5 15. Nf3 cxd4 16. Bxd4 Bd6 17. Bb5 Rf8 18. Bxf6 gxf6 19. Qe2 f5 20. Rad1 Qe7 21. Qd2 Rfd8 22. Qxh6 Bxf3 23. gxf3 Qf8 24. Qxf8+ Kxf8 25. Ba6 Rab8 26. a4 Ke7 27. Rd3 Rg8+ 28. Kh1 Rh8 29. f4 Bxf4 30. Rfd1 Kf6 31. Rf3 Be5 32. Rd7 Rh4 33. Bf1 Rxa4 34. Rd1 Rg8 35. Bg2 Ra2 36. b3 Rb2 37. c4 a5 38. Rc1 Bd4 39. Rg1 Rxf2 40. Rxf2 Bxf2 41. Rd1 Bc5 42. Rd7 f4 43. Rd3 e5 44. Bf3 Rg3 45. Kh2 Bg1+ 46. Kh1 Bd4 47. Be4 Rg7 48. Kh2 Rg8 49. h4 Rb8 50. Kh3 b5 51. cxb5 Rxb5 52. Kg4 Rb8 53. h5 Rg8+ 54. Kh3 Rg5 55. Bf3 Bf2 56. Bg4 e4 57. Rd6+ Ke5 58. Rd7 f5 59. Bd1 f3 60. Re7+ Kf4 61. h6 Rg4 62. Bxf3 exf3 63. Re2 Rh4# 0-1


[Site "https://www.chess.com"]

[Event "Titled Tuesday Blitz March 22 Early 2022"]
[White "Agibileg, Uurtsaikh"]
[Black "Stepanencu, Nicodim-Cosmin"]
[WhiteFideId "4901606"]
[BlackFideId "1256220"]
[WhiteElo "2205"]
[BlackElo "1913"]
[Result "1-0"]
[Round "03"]
[TimeControl "180+1"]
[Date "2022.03.22"]
[WhiteClock "0:01:04"]
[BlackClock "0:00:04"]

1. d4 Nf6 2. c4 g6 3. Nc3 d5 4. cxd5 Nxd5 5. e4 Nxc3 6. bxc3 Bg7 7. Nf3 c5 8. Bb5+ Nd7 9. O-O O-O 10. Rb1 Nf6 11. Bd3 b6 12. h3 Bb7 13. d5 c4 14. Bc2 Qc7 15. Nd4 Rac8 16. Qf3 Nd7 17. Bf4 Ne5 18. Qg3 h6 19. h4 a6 20. Kh1 Qd6 21. Nf3 f6 22. Nd4 Rf7 23. Ne6 g5 24. hxg5 fxg5 25. Be3 b5 26. Bd4 Bh8 27. f4 Ng6 28. Bxh8 Kxh8 29. Qh3 Nxf4 30. Qxh6+ Rh7 31. Qxh7+ Kxh7 32. e5+ Kg8 33. exd6 exd6 34. Nxf4 gxf4 35. Rxf4 1-0


[Site "https://www.chess.com"]

[Event "Titled Tuesday Blitz March 22 Early 2022"]
[White "Akobian, Varuzhan"]
[Black "Vokhidov, Shamsiddin"]
[WhiteFideId "13300580"]
[BlackFideId "14204223"]
[WhiteElo "2634"]
[BlackElo "2611"]
[Result "1/2-1/2"]
[Round "03"]
[TimeControl "180+1"]
[Date "2022.03.22"]
[WhiteClock "0:00:09"]
[BlackClock "0:00:49"]

1. d4 Nf6 2. c4 e6 3. Nf3 d5 4. cxd5 exd5 5. Nc3 c6 6. Qc2 g6 7. Bg5 Bg7 8. e3 Bf5 9. Bd3 Bxd3 10. Qxd3 O-O 11. O-O Nbd7 12. Rab1 a5 13. Rfc1 Qe7 14. h3 Rfe8 15. Qc2 h6 16. Bh4 Qe6 17. Bxf6 Qxf6 18. a3 Bf8 19. b4 axb4 20. axb4 b5 21. Ne2 Rec8 22. Nf4 Nb6 23. Nd3 Nc4 24. Ra1 Qf5 25. Qc3 Bd6 26. Nfe1 h5 27. Rxa8 Rxa8 28. Ra1 Ra4 29. Rxa4 bxa4 30. Nc2 g5 31. Na3 Nxa3 32. Qxa3 g4 33. hxg4 hxg4 34. g3 Qe4 35. Kf1 Bxg3 36. fxg3 Qxe3 37. Qc3 Qf3+ 38. Ke1 Qxg3+ 39. Kd2 Qg2+ 40. Ke3 Qf3+ 41. Kd2 g3 42. Qxc6 g2 43. Qe8+ Kh7 44. Qe1 a3 45. Qh4+ Kg7 46. Qg5+ Kh7 47. Qh4+ Kg7 48. Qg5+ Kf8 49. Qd8+ Kg7 50. Qg5+ 1/2-1/2


[Site "https://www.chess.com"]

[Event "Titled Tuesday Blitz March 22 Early 2022"]
[White "Aravindh, Chithambaram VR."]
[Black "Yang, Kaiqi"]
[WhiteFideId "5072786"]
[BlackFideId "8604398"]
[WhiteElo "2561"]
[BlackElo "2373"]
[Result "1-0"]
[Round "03"]
[TimeControl "180+1"]
[Date "2022.03.22"]
[WhiteClock "0:00:17"]
[BlackClock "0:00:01"]

1. b3 e5 2. Bb2 Nc6 3. e3 Nf6 4. Bb5 Bd6 5. Na3 Be7 6. Nc4 d6 7. d4 exd4 8. Bxc6+ bxc6 9. Qxd4 O-O 10. Ne2 c5 11. Qc3 Re8 12. O-O Bf8 13. Ng3 Ne4 14. Nxe4 Rxe4 15. Rad1 Qg5 16. f3 Re6 17. e4 Bb7 18. Qd2 Qxd2 19. Rxd2 Ba6 20. Bc3 Bxc4 21. bxc4 Rb8 22. Rdd1 Rb6 23. Rb1 Re8 24. Ba5 Ra6 25. Bxc7 Rxa2 26. Rf2 Rc8 27. Bb8 Be7 28. g3 Kf8 29. Rd2 Ra6 30. Rb7 Rb6 31. Rxb6 axb6 32. Bxd6 Ra8 33. Bc7 Ra6 34. Kf2 Ke8 35. Ke2 Bg5 36. f4 Bf6 37. e5 Be7 38. Ke3 Ra3+ 39. Ke4 Ra6 40. Rd1 g6 41. g4 h6 42. f5 gxf5+ 43. gxf5 Ra4 44. Kd5 Ra7 45. Kc6 1-0


[Site "https://www.chess.com"]

[Event "Titled Tuesday Blitz March 22 Early 2022"]
[White "Artemenko, Oleg"]
[Black "Rosenberg, Evan S"]
[WhiteFideId "14201798"]
[BlackFideId "2019299"]
[WhiteElo "2287"]
[BlackElo "2295"]
[Result "1-0"]
[Round "03"]
[TimeControl "180+1"]
[Date "2022.03.22"]
[WhiteClock "0:02:03"]
[BlackClock "0:00:01"]

1. d4 Nf6 2. Nc3 d5 3. Bf4 a6 4. e3 Bf5 5. f3 e6 6. g4 Bg6 7. h4 h5 8. g5 Nfd7 9. Bd3 Bxd3 10. Qxd3 c5 11. O-O-O Nc6 12. Nge2 Nb6 13. g6 f6 14. e4 Nb4 15. Qe3 Nc4 16. Qf2 e5 17. dxe5 d4 18. exf6 Qxf6 19. Bg5 Qb6 20. b3 dxc3 21. Nxc3 Na3 22. Qg3 Be7 23. Qe5 Nc6 24. Qxg7 Rf8 25. Nd5 Bxg5+ 26. hxg5 Qd8 27. Nf6+ Rxf6 28. gxf6 Qxd1+ 29. Rxd1 1-0


[Site "https://www.chess.com"]

[Event "Titled Tuesday Blitz March 22 Early 2022"]
[White "Atakhan, Abtin"]
[Black "Pesotskiy, Mikhail"]
[WhiteFideId "22502203"]
[BlackFideId "34164453"]
[WhiteElo "2119"]
[BlackElo "2010"]
[Result "1-0"]
[Round "03"]
[TimeControl "180+1"]
[Date "2022.03.22"]
[WhiteClock "0:00:03"]
[BlackClock "0:00:06"]

1. c4 e5 2. g3 Nc6 3. Bg2 Bc5 4. Nc3 a6 5. a3 d6 6. e3 Nf6 7. Nf3 O-O 8. d4 Ba7 9. h3 Bf5 10. O-O Qd7 11. Kh2 Rad8 12. b4 Rfe8 13. Bb2 exd4 14. exd4 Ne4 15. Nd5 Ne7 16. Ne3 Bg6 17. Nh4 c6 18. Nxg6 Nxg6 19. Qd3 d5 20. cxd5 cxd5 21. Kg1 f5 22. Rae1 f4 23. Nxd5 Qxd5 24. Rxe4 Rxe4 25. Bxe4 Qd6 26. g4 b5 27. Qb3+ Kh8 28. Qf7 Bxd4 29. Rd1 Qf6 30. Qxf6 Bxf6 31. Rxd8+ Bxd8 32. Bb7 a5 33. Bc3 axb4 34. axb4 Ne7 35. Bd2 Bc7 36. Kg2 Bd6 37. Kf3 g5 38. Ke4 Kg7 39. Ba6 Nc6 40. Bc3+ Kg6 41. Bxb5 Bxb4 42. Bb2 Nd8 43. Be8+ Nf7 44. Kd5 Be1 45. f3 1-0


[Site "https://www.chess.com"]

[Event "Titled Tuesday Blitz March 22 Early 2022"]
[White "Avazkhonov, Alikhon"]
[Black "Mangialardo, Tiago Carvalho"]
[WhiteFideId "14208504"]
[BlackFideId "2130718"]
[WhiteElo "1739"]
[BlackElo "2085"]
[Result "1-0"]
[Round "03"]
[TimeControl "180+1"]
[Date "2022.03.22"]
[WhiteClock "0:00:27"]
[BlackClock "0:00:41"]

1. e4 e5 2. Nf3 Nc6 3. Bb5 a6 4. Ba4 Nf6 5. O-O Be7 6. Re1 d6 7. c3 O-O 8. d4 exd4 9. cxd4 Bg4 10. Nc3 b5 11. Bb3 Na5 12. Bc2 Nc4 13. b3 Nb6 14. Qd3 Bh5 15. Bg5 Bg6 16. Nh4 Re8 17. Nxg6 hxg6 18. Rad1 Qc8 19. e5 Nfd5 20. Bxe7 Rxe7 21. Nxd5 Nxd5 22. Qf3 Nb4 23. exd6 Rxe1+ 24. Rxe1 Nxc2 25. d7 Qf8 26. Qxa8 1-0


[Site "https://www.chess.com"]

[Event "Titled Tuesday Blitz March 22 Early 2022"]
[White "Aydin, Gulenay"]
[Black "Lewtak, Damian"]
[WhiteFideId "34557431"]
[BlackFideId "1141724"]
[WhiteElo "1429"]
[BlackElo "2362"]
[Result "0-1"]
[Round "03"]
[TimeControl "180+1"]
[Date "2022.03.22"]
[WhiteClock "0:01:26"]
[BlackClock "0:02:09"]

1. e4 a6 2. d4 g6 3. Nc3 Bg7 4. Be3 d6 5. Qd2 b5 6. f3 Bb7 7. h4 h6 8. Nh3 Nd7 9. O-O-O c5 10. dxc5 Nxc5 11. Kb1 Rc8 12. h5 g5 13. f4 b4 14. Nd5 Nxe4 15. Qxb4 Bxd5 16. Rxd5 Ngf6 17. Rd1 Rb8 18. Qa4+ Kf8 19. fxg5 Nc3+ 0-1


[Site "https://www.chess.com"]

[Event "Titled Tuesday Blitz March 22 Early 2022"]
[White "Baches Garcia, Guillermo"]
[Black "Palchuk, Andrii"]
[WhiteFideId "2209764"]
[BlackFideId "14176688"]
[WhiteElo "2463"]
[BlackElo "2319"]
[Result "0-1"]
[Round "03"]
[TimeControl "180+1"]
[Date "2022.03.22"]
[WhiteClock "0:00:06"]
[BlackClock "0:00:07"]

1. e4 g6 2. d4 Bg7 3. Be3 d6 4. Qd2 a6 5. c4 e5 6. Ne2 Ne7 7. h4 h5 8. Nbc3 Bd7 9. O-O-O b5 10. Ng3 b4 11. Nd5 Nbc6 12. dxe5 Bxe5 13. Bg5 Nxd5 14. Bxd8 Bf4 15. Qxf4 Nxf4 16. Bxc7 Ne6 17. Bxd6 a5 18. e5 O-O-O 19. Ne4 Kb7 20. g3 Ned4 21. Bg2 Bg4 22. Rd3 Be2 23. Re3 Bxc4 24. Rd1 Nf5 25. Ree1 Bxa2 26. b3 Kb6 27. Kb2 Bxb3 28. Kxb3 Rhe8 29. Bc5+ Kc7 30. Nd6 Rxe5 31. Bxc6 Rxe1 32. Rxe1 Kxc6 33. Nxf5 Kxc5 34. Rc1+ Kb5 35. Ne3 a4+ 36. Kb2 b3 37. Rc7 Rd2+ 38. Kc1 Rxf2 39. Rb7+ Kc5 40. Rd7 a3 41. Rd3 a2 42. Rd5+ Kc6 43. Ra5 b2+ 44. Kd1 a1=Q+ 0-1


[Site "https://www.chess.com"]

[Event "Titled Tuesday Blitz March 22 Early 2022"]
[White "Baker, Chris W"]
[Black "Hnydiuk, Aleksander"]
[WhiteFideId "401676"]
[BlackFideId "1109057"]
[WhiteElo "2291"]
[BlackElo "2374"]
[Result "1/2-1/2"]
[Round "03"]
[TimeControl "180+1"]
[Date "2022.03.22"]
[WhiteClock "0:01:01"]
[BlackClock "0:00:51"]

1. c4 Nf6 2. Nf3 c5 3. g3 b6 4. Bg2 Bb7 5. O-O e6 6. d3 Be7 7. Nc3 O-O 8. b3 d5 9. cxd5 Nxd5 10. Nxd5 Bxd5 11. Bb2 Bf6 12. Qc2 Nc6 13. Rad1 Rc8 14. Qb1 e5 15. e3 Re8 16. Qa1 Qd6 17. Rd2 Rcd8 18. Rfd1 h6 19. h4 a5 20. Bc3 Nb4 21. Qb2 Ba8 22. Qb1 Nd5 23. Ba1 Qe6 24. a3 Qg4 25. Nh2 Qg6 26. Be4 Qh5 27. Bf3 Qg6 28. Be4 Qh5 29. Bf3 Qg6 30. Be4 1/2-1/2


[Site "https://www.chess.com"]

[Event "Titled Tuesday Blitz March 22 Early 2022"]
[White "Batsiashvili, Nino"]
[Black "Hua, Lefong"]
[WhiteFideId "13602993"]
[BlackFideId "2602253"]
[WhiteElo "2192"]
[BlackElo "2595"]
[Result "0-1"]
[Round "03"]
[TimeControl "180+1"]
[Date "2022.03.22"]
[WhiteClock "0:00:14"]
[BlackClock "0:00:14"]

1. d4 Nf6 2. c4 g6 3. Nc3 Bg7 4. Nf3 d6 5. g3 O-O 6. Bg2 Nc6 7. O-O a6 8. b3 Rb8 9. Bb2 b5 10. Rb1 Bf5 11. Rc1 bxc4 12. e4 Nxe4 13. Nh4 Nxc3 14. Rxc3 Nxd4 15. Rxc4 c5 16. Nxf5 gxf5 17. Re1 e6 18. Bxd4 Bxd4 19. Rxd4 cxd4 20. Qxd4 e5 21. Qd3 Qf6 22. Bd5 a5 23. Qa6 Rbc8 24. Qxa5 Rc5 25. Qd2 Rfc8 26. a4 Rc2 27. Qd3 R8c3 28. Qb5 Kg7 29. a5 e4 30. Qb7 Rc7 31. Qb6 Qe5 32. Rd1 R2c5 33. a6 Rc1 34. Rxc1 Rxc1+ 35. Kg2 Qxd5 36. a7 Ra1 37. Qe3 h6 38. Qc3+ Qe5 39. Qc7 e3 40. fxe3 Qe4+ 41. Kh3 Qg4+ 42. Kg2 Ra2+ 43. Kg1 Qd1# 0-1


[Site "https://www.chess.com"]

[Event "Titled Tuesday Blitz March 22 Early 2022"]
[White "Bethke, Richard"]
[Black "Indjic, Aleksandar"]
[WhiteFideId "12959243"]
[BlackFideId "911925"]
[WhiteElo "2529"]
[BlackElo "2928"]
[Result "0-1"]
[Round "03"]
[TimeControl "180+1"]
[Date "2022.03.22"]
[WhiteClock "0:00:01"]
[BlackClock "0:00:13"]

1. e4 c6 2. Nf3 d5 3. Nc3 Bg4 4. h3 Bxf3 5. Qxf3 e6 6. Be2 Nd7 7. d4 g6 8. Be3 Bg7 9. h4 h5 10. e5 Ne7 11. g4 c5 12. Nb5 Nc8 13. gxh5 cxd4 14. Bxd4 Rxh5 15. Qc3 Rxe5 16. Nc7+ Ke7 17. Qa3+ Nd6 18. Bxe5 Bxe5 19. Nxa8 Qxa8 20. O-O-O Qc8 21. h5 g5 22. h6 a6 23. h7 Qh8 24. Kb1 Nb6 25. Qc5 Na4 26. Qc7+ Kf6 27. Rdg1 Nxb2 28. Rh6+ Kg7 29. Qe7 Ne4 30. Rxg5+ Nxg5 31. Qxg5+ Kf8 32. Rh5 Bc3 33. Qd8+ Kg7 34. Rg5+ Kh6 35. Rg8 Kxh7 36. Qf8 Qf6 37. Bd3+ Nxd3 38. Rg7+ Qxg7 0-1


[Site "https://www.chess.com"]

[Event "Titled Tuesday Blitz March 22 Early 2022"]
[White "Bodnaruk, Anastasia"]
[Black "Ruge, Edison"]
[WhiteFideId "4181751"]
[BlackFideId "4401000"]
[WhiteElo "2393"]
[BlackElo "2175"]
[Result "0-1"]
[Round "03"]
[TimeControl "180+1"]
[Date "2022.03.22"]
[WhiteClock "0:00:02"]
[BlackClock "0:00:43"]

1. e4 e5 2. Nf3 Nc6 3. Bb5 f5 4. d3 fxe4 5. dxe4 Nf6 6. Qd3 Bc5 7. O-O Nd4 8. Nxd4 Bxd4 9. Bc4 d6 10. Bg5 Qe7 11. c3 Bb6 12. Na3 Be6 13. Kh1 O-O 14. f4 exf4 15. Rxf4 Bxc4 16. Nxc4 Qe6 17. h3 Nd7 18. Raf1 Rxf4 19. Rxf4 h6 20. Bh4 Re8 21. Rg4 h5 22. Rf4 Nc5 23. Qd5 Nxe4 24. Nxb6 axb6 25. Qxh5 Rf8 26. Rxf8+ Kxf8 27. Qh8+ Kf7 28. Qd8 Qc4 29. Kh2 Nf6 30. Bxf6 gxf6 31. Qd7+ Kg6 32. Qg4+ Qxg4 33. hxg4 b5 34. Kg3 Kg5 35. Kf3 d5 36. Kg3 c5 37. Kf3 b6 38. Kg3 d4 39. cxd4 cxd4 40. Kf3 d3 41. Ke3 Kxg4 42. Kxd3 Kg3 43. Ke4 Kg4 44. Kd5 f5 0-1


[Site "https://www.chess.com"]

[Event "Titled Tuesday Blitz March 22 Early 2022"]
[White "Bongo Akanga Ndjila, Barthelemy"]
[Black "Dudzinski, Pawel"]
[WhiteFideId "10609431"]
[BlackFideId "1117890"]
[WhiteElo "1803"]
[BlackElo "2033"]
[Result "1-0"]
[Round "03"]
[TimeControl "180+1"]
[Date "2022.03.22"]
[WhiteClock "0:00:15"]
[BlackClock "0:00:03"]

1. d4 f5 2. c4 Nf6 3. Nc3 d6 4. Nf3 g6 5. g3 Bg7 6. Bf4 O-O 7. e3 Nh5 8. Be2 Nxf4 9. exf4 Qe8 10. d5 e5 11. dxe6 Bxe6 12. O-O h6 13. Nd5 c6 14. Nc7 Qe7 15. Nxa8 Na6 16. Rc1 Bxb2 17. Rc2 Bf6 18. Rd2 Rxa8 19. Rxd6 Nc5 20. Ne5 Ne4 21. Rd3 Bxe5 22. fxe5 Bxc4 23. Rd7 Qe6 24. Rxb7 Bd5 25. Qc2 Qxe5 26. Rfb1 Re8 27. Bc4 Ng5 28. Bxd5+ cxd5 29. Qc7 Qd4 30. h4 Nf3+ 31. Kg2 Nxh4+ 32. gxh4 Qg4+ 33. Qg3 Qe4+ 34. Kh2 g5 35. hxg5 f4 36. Qg4 Kh8 37. gxh6 Rg8 38. Rb8 1-0


[Site "https://www.chess.com"]

[Event "Titled Tuesday Blitz March 22 Early 2022"]
[White "Borodavkin, Anatoly"]
[Black "Alinasab, Mobina"]
[WhiteFideId "14150662"]
[BlackFideId "12528897"]
[WhiteElo "1845"]
[BlackElo "2052"]
[Result "1-0"]
[Round "03"]
[TimeControl "180+1"]
[Date "2022.03.22"]
[WhiteClock "0:00:15"]
[BlackClock "0:00:03"]

1. e4 c5 2. Nc3 Nc6 3. g3 g6 4. Bg2 Bg7 5. d3 d6 6. f4 e6 7. Nf3 Nge7 8. O-O O-O 9. Be3 Rb8 10. Qd2 Nd4 11. g4 b5 12. Nd1 b4 13. c3 bxc3 14. bxc3 Nxf3+ 15. Bxf3 Ba6 16. Nf2 Qa5 17. Rac1 Rb7 18. f5 Rfb8 19. Bh6 Rb2 20. Qg5 f6 21. Qh4 exf5 22. Bxg7 Kxg7 23. gxf5 g5 24. Qh5 Rxa2 25. Ng4 Ng8 26. h4 gxh4 27. e5 dxe5 28. Bd5 Bxd3 29. Qf7+ Kh8 30. Nxf6 Rg2+ 31. Kxg2 Rb2+ 32. Kg1 Bxf5 33. Qxg8# 1-0


[Site "https://www.chess.com"]

[Event "Titled Tuesday Blitz March 22 Early 2022"]
[White "Boros, Denes"]
[Black "Pajeken, Jakob Leon"]
[WhiteFideId "722340"]
[BlackFideId "12942839"]
[WhiteElo "2464"]
[BlackElo "2351"]
[Result "1-0"]
[Round "03"]
[TimeControl "180+1"]
[Date "2022.03.22"]
[WhiteClock "0:01:48"]
[BlackClock "0:01:32"]

1. e4 e5 2. Nf3 Nc6 3. Bb5 a6 4. Ba4 Nf6 5. Nc3 Bc5 6. Bxc6 dxc6 7. d3 Qe7 8. h3 h6 9. Qe2 Nd7 10. Be3 Bd6 11. Nd2 Nf8 12. Nc4 Be6 13. Nxd6+ cxd6 14. f4 Qh4+ 15. Qf2 Qxf2+ 16. Kxf2 exf4 17. Bxf4 Kd7 18. d4 Ng6 19. Bh2 b5 20. d5 cxd5 21. exd5 Bf5 22. g4 Bxc2 23. Rac1 Bd3 24. Rhd1 Bc4 25. b3 Rac8 26. Ne4 Bd3 27. Rxc8 Bxe4 28. Rc6 1-0


[Site "https://www.chess.com"]

[Event "Titled Tuesday Blitz March 22 Early 2022"]
[White "Bortnyk, Olexandr"]
[Black "Siva Mahadevan"]
[WhiteFideId "14120828"]
[BlackFideId "25043153"]
[WhiteElo "2723"]
[BlackElo "2203"]
[Result "1/2-1/2"]
[Round "03"]
[TimeControl "180+1"]
[Date "2022.03.22"]
[WhiteClock "0:00:18"]
[BlackClock "0:00:09"]

1. e4 c5 2. c3 e5 3. Nf3 Nc6 4. Bc4 Be7 5. d4 cxd4 6. cxd4 exd4 7. O-O Nf6 8. e5 Ne4 9. Bd5 Nc5 10. Nxd4 O-O 11. Re1 Nxd4 12. Qxd4 Ne6 13. Qe4 d6 14. exd6 Bxd6 15. Nc3 Nc5 16. Qf3 Be6 17. Bxe6 Nxe6 18. Qxb7 Nd4 19. Qe4 Re8 20. Qxe8+ Qxe8 21. Rxe8+ Rxe8 22. Bd2 Ne2+ 23. Nxe2 Rxe2 24. Rd1 f6 25. Kf1 Re6 26. Be3 a6 27. Rd5 Bxh2 28. b4 Be5 29. a4 h5 30. f4 Bc3 31. Bc5 Re4 32. b5 Rxf4+ 33. Ke2 Rxa4 34. b6 Ra2+ 35. Kd3 Be5 36. Rxe5 fxe5 37. Bb4 Ra4 38. Kc3 a5 39. Bc5 Ra1 40. Kc2 Ra2+ 41. Kc3 Ra1 42. Kb2 Rd1 43. b7 Rd8 44. Bd6 Kf7 45. Bxe5 Ke6 46. Bc7 Re8 47. Kc3 Kd7 48. b8=Q Rxb8 49. Bxb8 Ke6 50. Kd3 Kf5 51. Ke3 g5 52. Bd6 a4 53. Be7 h4 54. Kf2 Kg4 55. Bd6 h3 56. g3 a3 57. Bxa3 h2 58. Kg2 h1=Q+ 59. Kxh1 Kxg3 60. Be7 g4 61. Bd6+ Kh3 62. Bc7 g3 63. Bxg3 1/2-1/2


[Site "https://www.chess.com"]

[Event "Titled Tuesday Blitz March 22 Early 2022"]
[White "Ciolacu, Alessia-Mihaela"]
[Black "Chen, Qi b"]
[WhiteFideId "1252640"]
[BlackFideId "8614733"]
[WhiteElo "1777"]
[BlackElo "2432"]
[Result "1-0"]
[Round "03"]
[TimeControl "180+1"]
[Date "2022.03.22"]
[WhiteClock "0:00:51"]
[BlackClock "0:00:10"]

1. Nf3 Nf6 2. c4 e6 3. b3 d5 4. Bb2 b6 5. g3 Bb7 6. Bg2 Nbd7 7. O-O Bd6 8. d4 O-O 9. Nc3 a6 10. cxd5 exd5 11. Rc1 Re8 12. a3 Qe7 13. b4 Ne4 14. Re1 f5 15. Qb3 Nxc3 16. Rxc3 Kh8 17. Re3 Qf6 18. Ne5 Bxe5 19. dxe5 Qe6 20. Rd1 c6 21. a4 b5 22. Bh3 Nb6 23. Qd3 Rf8 24. Rf3 g6 25. Bd4 Nxa4 26. Qe3 Rf7 27. Qg5 Kg8 28. g4 fxg4 29. Bxg4 Qe7 30. Qh6 Rxf3 31. Bxf3 Bc8 32. Rc1 Bd7 33. e6 Be8 34. e4 Rd8 35. exd5 cxd5 36. Be5 d4 37. Rc7 Bd7 38. Rxd7 Rxd7 39. exd7 Qxd7 40. Bd5+ 1-0


[Site "https://www.chess.com"]

[Event "Titled Tuesday Blitz March 22 Early 2022"]
[White "Coto Mederos, Michel"]
[Black "Tsyhanchuk, Stanislav"]
[WhiteFideId "3508528"]
[BlackFideId "13505130"]
[WhiteElo "2427"]
[BlackElo "2078"]
[Result "1-0"]
[Round "03"]
[TimeControl "180+1"]
[Date "2022.03.22"]
[WhiteClock "0:00:54"]
[BlackClock "0:00:19"]

1. d4 d5 2. c4 c6 3. Nf3 Nf6 4. Nc3 dxc4 5. a4 Bf5 6. e3 e6 7. Bxc4 Nbd7 8. O-O Bb4 9. Nh4 Bg6 10. Nxg6 hxg6 11. Qe2 Qc7 12. h3 O-O 13. Rd1 e5 14. dxe5 Nxe5 15. Bb3 Rad8 16. Bd2 a5 17. e4 Nd3 18. Bg5 Nc5 19. Bc2 Rxd1+ 20. Rxd1 Qe5 21. f4 Qe6 22. e5 Bxc3 23. bxc3 Nd5 24. Qf3 Kh7 25. f5 Qe8 26. fxg6+ fxg6 27. Qh5+ Kg8 28. Bxg6 Qxg6 29. Qxg6 Nxc3 30. Re1 Nd3 31. Qxd3 Rf3 32. Qxf3 Ne2+ 33. Rxe2 b5 34. e6 bxa4 35. e7 a3 36. e8=Q+ Kh7 37. Qfh5# 1-0


[Site "https://www.chess.com"]

[Event "Titled Tuesday Blitz March 22 Early 2022"]
[White "Cramling Bellon, Anna"]
[Black "Schrik, Rachid"]
[WhiteFideId "32009232"]
[BlackFideId "1009818"]
[WhiteElo "1905"]
[BlackElo "2070"]
[Result "0-1"]
[Round "03"]
[TimeControl "180+1"]
[Date "2022.03.22"]
[WhiteClock "0:00:06"]
[BlackClock "0:00:16"]

1. d4 Nf6 2. c4 e6 3. Nf3 b6 4. Nc3 Bb7 5. Qc2 d5 6. cxd5 exd5 7. Bg5 h6 8. Bh4 Be7 9. e3 O-O 10. Bd3 Nbd7 11. O-O c5 12. Rac1 a6 13. Ne5 Rc8 14. f4 cxd4 15. exd4 Ne4 16. Bxe7 Qxe7 17. Nxd5 Bxd5 18. Qxc8 Rxc8 19. Rxc8+ Kh7 20. Rc7 Qb4 21. Bxe4+ Bxe4 22. Rxd7 Qxb2 23. Nf3 Qxa2 24. Re1 Bc6 25. Rc7 Bxf3 26. gxf3 Qd2 27. Re4 a5 28. Rxf7 a4 29. f5 Kg8 30. Rd7 a3 31. Re8+ Kh7 32. Ree7 Qg5+ 33. Kf1 a2 34. Re1 Qxf5 35. Rde7 Qxf3+ 36. Kg1 Qg4+ 37. Kh1 Qf3+ 38. Kg1 Qc3 39. R7e3 a1=Q 40. Rxc3 Qxc3 41. Kf1 Qxd4 42. Re2 Qc5 43. Rf2 Qg5 44. Rg2 Qg6 45. Rf2 Qf6 46. Ke2 Qe6+ 47. Kd2 g5 48. Rg2 Kg6 49. Rf2 Qd5+ 50. Ke2 Qe4+ 51. Kd2 Qd4+ 52. Ke2 Qxf2+ 53. Kxf2 Kf5 54. Ke3 h5 55. h3 h4 56. Kf3 b5 57. Ke3 b4 58. Kd4 g4 59. hxg4+ Kxg4 60. Kc4 h3 61. Kxb4 h2 0-1


[Site "https://www.chess.com"]

[Event "Titled Tuesday Blitz March 22 Early 2022"]
[White "Cupid, Kevin"]
[Black "Rengifo Blancas, Renzo Jhonathan"]
[WhiteFideId "7700512"]
[BlackFideId "3807185"]
[WhiteElo "2096"]
[BlackElo "2058"]
[Result "1-0"]
[Round "03"]
[TimeControl "180+1"]
[Date "2022.03.22"]
[WhiteClock "0:00:16"]
[BlackClock "0:00:07"]

1. d4 d5 2. c4 c5 3. cxd5 cxd4 4. Nf3 Qxd5 5. Nc3 Qa5 6. Nxd4 Nf6 7. Nb3 Qe5 8. g3 Nc6 9. Bg2 Bf5 10. Bf4 Qe6 11. Nb5 Rc8 12. Nc7+ Rxc7 13. Bxc7 Qc8 14. Bf4 e5 15. Bd2 Be7 16. O-O O-O 17. Rc1 Rd8 18. Qe1 Bh3 19. Nc5 Bxg2 20. Kxg2 b6 21. Nd3 Qb7 22. Kg1 Nd4 23. Nxe5 Qe4 24. Nf3 Nxe2+ 25. Kg2 Nxc1 26. Bxc1 h6 27. h3 Bb4 28. Qxe4 Nxe4 29. Be3 Rc8 30. a3 Bf8 31. Rd1 Rc2 32. Rd4 Nd6 33. Bf4 Nf5 34. Rd8 g5 35. Be5 Ne3+ 36. Kg1 Rc1+ 37. Kh2 Nc4 38. Bc3 Rc2 39. Kg1 Rc1+ 40. Kg2 a5 41. Ne5 Rc2 42. Nxc4 b5 43. Ne3 Re2 44. Bxa5 Kg7 45. Bc3+ f6 46. Nf5+ Kg6 47. Rxf8 Kxf5 48. Rxf6+ Ke4 49. Re6+ Kd3 50. Rxe2 Kxe2 51. g4 h5 52. gxh5 b4 53. axb4 g4 54. hxg4 1-0


[Site "https://www.chess.com"]